 Dungeon Crawl Stone Soup version 0.29.1-14-g9c671dbff4 (webtiles) character file.

Game seed: 11212616776858809860

110 fleeber the Slasher (level 4, -2/35 HPs)
             Began as a Merfolk Gladiator on Feb 20, 2023.
             Slain by an orc
             ... wielding a +0 trident
              (7 damage)
             ... on level 3 of the Dungeon.
             The game lasted 00:05:39 (2991 turns).

fleeber the Slasher (Merfolk Gladiator)             Turns: 2991, Time: 00:05:39

Health: -2/35      AC:  4    Str: 14    XL:     4   Next: 91%
Magic:  4/4        EV: 14    Int:  7    God:
Gold:   163        SH:  0    Dex: 17    Spells: 3/3 levels left

rFire   + . .      SeeInvis .   a - +0 long sword
rCold   + . .      Faith    .   (no shield)
rNeg    . . .      Spirit   .   b - +0 leather armour
rPois   +          Reflect  .   c - +0 helmet
rElec   +          Harm     .   (no cloak)
rCorr   +          Rampage  .   (no gloves)
Will    .....                   (no boots)
Stlth   +.........              (no amulet)
HPRegen 0.11/turn               (no ring)
MPRegen 0.09/turn               (no ring)

@: brilliant, resistant
A: (nimble swimmer 2), mertail
a: no special abilities


You were on level 3 of the Dungeon.
You visited 1 branch of the dungeon, and saw 3 of its levels.

You collected 163 gold pieces.

Inventory:

Hand Weapons
 a - a +0 long sword (weapon)
Missiles
 d - 2 throwing nets (quivered)
 e - a javelin
 n - 5 boomerangs
 r - 6 boomerangs of dispersal
Armour
 b - a +0 leather armour (worn)
 c - a +0 helmet (worn)
Jewellery
 q - a ring of fire
Scrolls
 f - a scroll of summoning
 g - 3 scrolls of identify {unknown}
 j - a scroll of fog {unknown}
 l - 2 scrolls of magic mapping {unknown}
 m - a scroll of fear {unknown}
 p - 4 scrolls of teleportation {unknown}
Potions
 k - a potion of curing


   Skills:
 + Level 3.2 Fighting
 * Level 5.3 Long Blades
 - Level 2.0 Throwing
 + Level 5.0 Dodging


You had 3 spell levels left.
You didn't know any spells.
Your spell library contained the following spells:

 Spells                   Type           Power      Damage    Failure   Level
 Summon Guardian Golem    Hex/Summ       0%         N/A       87%         3
 Petrify                  Tmut/Erth      0%         N/A       99%         4
 Metabolic Englaciation   Hex/Ice        0%         N/A       100%        5
 Statue Form              Tmut/Erth      0%         N/A       100%        6
 Orb of Destruction       Conj           0%         9d5       100%        7
 Spellforged Servitor     Conj/Summ      0%         N/A       100%        7


Dungeon Overview and Level Annotations

Branches:
Dungeon (3/15)

Altars:


Innate Abilities, Weirdness & Mutations

((You are very nimble when in or above water. (Stealth+, EV+, Speed+++)))
Your lower body shifts to a powerful aquatic tail in water.


Message History

The orc hits you with a +0 trident! The rat bites you but does no damage.
The rat attacks as you move away! The rat misses you.
The orc barely misses you.
Things that are here:
a +0 whip; 4 stones The orc attacks as you move away!
The orc barely misses you.
Things that are here:
a +2 dagger of electrocution; a +0 dagger; an orc corpse You closely miss the orc.
The orc closely misses you.
You closely miss the orc. The orc barely misses you. x2
You hit the orc but do no damage. The orc closely misses you.
The orc hits you with a +0 short sword.
* * * LOW HITPOINT WARNING * * *
You hit the orc but do no damage. The orc closely misses you.
The orc barely misses you. The orc closely misses you.
The orc hits you but does no damage.
You hit the orc but do no damage. The orc closely misses you. x2
You barely miss the orc. The orc misses you.
The orc hits you with a +0 short sword.
* * * LOW HITPOINT WARNING * * *
It was a potion of curing.
You feel better. The orc hits you but does no damage.
The orc hits you from afar with a +0 trident.
* * * LOW HITPOINT WARNING * * *
It was a potion of cancellation.
You feel magically purged. The orc closely misses you. x2
It was a potion of resistance.
You feel protected.
A ball python comes into view.
The orc barely misses you.
The orc hits you from afar with a +0 trident.
* * * LOW HITPOINT WARNING * * *
It was a potion of brilliance.
You feel clever all of a sudden.
The ball python hisses angrily.
The orc barely misses you. The orc completely misses you.
As you read the scroll labelled XOPACE VOZUM, it crumbles to dust.
Wisps of shadow whirl around you...
It was a scroll of summoning.
The orc hits you from afar with a +0 trident!
You die...

###. ..o< ....###..o..
#.##.......# #S##.#
#.##.#### #.......## .
#ro......# . ######
#o##.##..# ....(#
#@##........ ####.#
#g#####.##.# ####.###
#######h#####.# #
#......###......h......#
#.##.#........#.#########.##
..##.####.......# #...#
.....####.......# #...# ###
######..........# #...# #..
#.....#.......#
#####...####.#


You could see 2 orcs, a ball python, a rat, 2 friendly jackals and a friendly
hobgoblin (summoned).

Vanquished Creatures
  An iguana (D:3)
  3 adders (D:2)
  A worm (D:3)
  2 dart slugs
  2 orcs (D:3)
  8 ball pythons
  4 endoplasms
  A giant cockroach (D:2)
  6 goblins
  5 hobgoblins
  A quokka (D:1)
  2 bats
  6 frilled lizards
  4 kobolds
  4 rats
50 creatures vanquished.

Notes
Turn   | Place    | Note
-------+----------+-------------------------------------------
     0 | D:1      | fleeber the Merfolk Gladiator began the quest for the Orb.
     0 | D:1      | Reached XP level 1. HP: 16/16 MP: 1/1
   134 | D:1      | Reached XP level 2. HP: 9/23 MP: 2/2
   942 | D:1      | Reached XP level 3. HP: 28/28 MP: 3/3
  1735 | D:2      | Found a faded altar of an unknown god.
  2021 | D:2      | Reached XP level 4. HP: 28/34 MP: 4/4
  2204 | D:2      | Noticed an ogre
  2298 | D:3      | Reached skill level 5 in Long Blades
  2972 | D:3      | Reached skill level 5 in Dodging
  2991 | D:3      | Slain by an orc

Illustrated notes

Levels and vault maps discovered:
D:1:      co_arrival_square_in_a_square_in_a_square, layout_basic
D:2:      layout_basic, shapermc_ecumenical_altar_hornbeckon
D:3:      layout_loops_cross, dreamdust_wishing_well

Skill      XL: |  1  2  3  4 |
---------------+-------------+-----
Long Blades    | 4 5 |  5.3
Fighting       | 3 |  3.2
Dodging        | 5 |  5.0
Throwing       | |  2.0

Action                   |  1- 3 |  4- 6 || total
-------------------------+-------+-------++-------
Melee: Long sword        |   108 |    67 ||   175
Throw: Throwing net      |       |     2 ||     2
  Use: Potion            |       |     4 ||     4
       Scroll            |       |     1 ||     1
 Stab: Sleeping          |     1 |     2 ||     3
Armor: Leather armour    |    35 |     9 ||    44
Dodge: Dodged            |    87 |    56 ||   143
